 Dungeon Crawl Stone Soup version 0.31.0-32-g396128a36d (webtiles) character file.

Game seed: 15436729655812583988

2899 spaghetti the Caller (level 9, 0/121 HPs)
             Began as a Naga Ice Elementalist on Mar 11, 2024.
             Was an Initiate of Kikubaaqudgha.
             Slain by an orc knight
             ... wielding a +0 trident
              (13 damage)
             ... in a bailey.
             The game lasted 00:14:45 (8542 turns).

spaghetti the Caller (Naga Ice Elementalist)        Turns: 8542, Time: 00:14:46

Health: 0/121      AC:  7    Str: 11    XL:     9   Next: 77%
Magic:  11/16      EV: 10    Int: 20    God:    Kikubaaqudgha [......]
Gold:   250        SH:  4    Dex: 13    Spells: 11/18 levels left

rFire   . . .        n - +10 mace "Ihur Ole" {freeze, Dex+2}
rCold   . . .        (no shield)
rNeg    . . .        a - +0 robe
rPois   +            (no helmet)
rElec   .            q - +2 cloak
rCorr   .            (no gloves)
SInv    +            (no barding)
Will    +....        (no amulet) Stlth
                     (no ring)
HPRegen 0.40/turn    (no ring)
MPRegen 0.15/turn

%: no passive effects
@: berserking, quick
A: AC +3, large, see invisible, deformed body, poison resistance, slowness 2,
spit poison 1, naga tail 1, large bone plates 1, inability to read after injury
1, noise suppression, persistent drain
a: Spit Poison, Renounce Religion


You were in a bailey.
You worshipped Kikubaaqudgha.
Kikubaaqudgha was noncommittal.
You visited 2 branches of the dungeon, and saw 7 of its levels.
You also visited: Sewer and Bailey.

You collected 330 gold pieces.
You spent 80 gold pieces at shops.

Inventory:

Hand Weapons
 n - the +10 mace "Ihur Ole" (weapon) {freeze, Dex+2}
   (You found it on level 3 of the Dungeon)

   Dex+2:     It affects your dexterity (+2).
Missiles
 o - 3 curare-tipped darts
Armour
 a - a +0 robe (worn)
 q - a +2 cloak (worn)
Jewellery
 k - a +4 ring of protection
Wands
 c - a wand of mindburst (11)
Scrolls
 d - 2 scrolls of teleportation {unknown}
 e - 5 scrolls of identify {unknown}
 f - a scroll of torment {unknown}
 j - 5 scrolls of fog {unknown}
 m - a scroll of amnesia {unknown}
 t - 3 scrolls of enchant weapon
Potions
 b - a potion of magic
 g - a potion of mutation
 h - a potion of haste {unknown}
 i - a potion of berserk rage
 l - 2 potions of ambrosia
 p - 5 potions of curing
 r - a potion of heal wounds {unknown}
 s - a potion of lignification {unknown}


   Skills:
 - Level 5.0 Fighting
 - Level 1.5 Dodging
 - Level 3.0 Stealth
 - Level 5.0 Spellcasting
 - Level 7.0 Summonings
 + Level 6.1 Necromancy
 - Level 7.0 Ice Magic


You had 11 spell levels left.
You knew the following spells:

 Your Spells              Type           Power      Damage    Failure   Level
a - Freeze                Ice            100%       1d10      1%          1
b - Summon Ice Beast      Ice/Summ       33%        N/A       1%          3
c - Frozen Ramparts       Ice            66%        1d10      1%          3

Your spell library contained the following spells:

 Spells                   Type           Power      Damage    Failure   Level
 Ozocubu's Armour         Ice            33%        N/A       1%          3
 Magic Dart               Conj           20%        1d4       12%         1
 Jinxbite                 Hex            10%        N/A       17%         2
 Searing Ray              Conj           10%        2d4       17%         2
 Tukima's Dance           Hex            5%         N/A       34%         3
 Dimensional Bullseye     Hex/Tloc       2%         N/A       75%         4
 Fulminant Prism          Conj/Alch      2%         3d5       75%         4
 Iskenderun's Mystic Bla  Conj/Tloc      5%         2d3       75%         4
 Yara's Violent Unravell  Hex/Alch       2%         3d3       97%         5
 Enfeeble                 Hex            2%         N/A       100%        7


Dungeon Overview and Level Annotations

Branches:
Dungeon (7/15)             Temple (1/1) D:5           Sewer (visited)
 Bailey (1/1)

Altars:
Cheibriados
Fedhas
Hepliaklqana
Kikubaaqudgha
Makhleb
Nemelex Xobeh
Okawaru
Qazlal
Sif Muna
Trog
Uskayaw
Vehumet
Wu Jian
Yredelemnul
Zin
The Shining One

Shops:
D:3 *


Innate Abilities, Weirdness & Mutations

Your serpentine skin is tough. (AC +3)
You have supernaturally acute eyesight. (SInv)
Armour fits poorly on your strangely shaped body.
Your system is resistant to poisons. (rPois)
You cover ground very slowly.
You can spit poison.
You have a snake-like lower body.
You are partially covered in large bone plates. (SH +4)
You occasionally lose the ability to read scrolls when taking damage.
You passively dampen the noise of your surroundings.
Your health recovers twice as slowly from being drained.


Message History

The orc knight roars a battlecry!
Your ice beast hits the orc knight but does no damage.
Your ice beast barely misses the orc knight.
Your ice beast hits the orc knight but does no damage.
Your ice beast hits the orc knight.
Your ice beast freezes the orc knight!
Your ice beast misses the orc knight.
Your ice beast hits the orc knight but does no damage.
The orc knight hits your ice beast with a +0 halberd.
Your ice beast hits the orc knight but does no damage.
You enter the shallow water.
Your ice beast hits the orc knight but does no damage.
The orc knight no longer looks unusually strong.
The orc knight roars a battlecry!
The orc knight goes into a battle-frenzy!
The orc knight roars a battlecry!
The orc knight goes into a battle-frenzy!
Casting: Summon Ice Beast (safe; 1% risk of failure)
Confirm with . or Enter, or press ? or * to list all spells.
A chill wind blows around you.
Your ice beast hits the orc knight.
Your ice beast freezes the orc knight!
Your ice beast hits the orc knight.
Your ice beast freezes the orc knight!
Your ice beast misses the orc knight.
Casting: Summon Ice Beast (safe; 1% risk of failure)
Confirm with . or Enter, or press ? or * to list all spells.
A chill wind blows around you.
Your ice beast disappears in a puff of smoke!
The orc knight hits you from afar with a +0 halberd!!!
The orc knight attacks as it pursues you!
The orc knight closely misses you.
Your ice beast hits the orc knight but does no damage.
The orc knight hits you from afar with a +0 halberd!!
* * * LOW HITPOINT WARNING * * *
Okay, then.
A red film seems to cover your vision as you go berserk!
You feel yourself moving faster!
You feel mighty!
The orc knight no longer looks unusually strong.
Your ice beast misses the orc knight.
The orc knight hits you from afar with a +0 trident!
You die...
Kikubaaqudgha rasps: "You have failed me!
Welcome... death!"

#...§.§##.##≈~~~~~~~~~
#.....≈#....~~~~~~~~~~
#.....≈##.∩#≈~~~~~~~~~
#.....≈≈#.##≈~~~~#####
#.....~≈≈~≈≈≈~~~##~~~~
#.....Y~~~~~~~~##~o~~~
#...oo~~~~~~~~##~~#'''
#.....~~~~~~~~#~~##o.∩
#....@~~~~~~~##o####o#
#.....~~~~~~~##Y')#...
#.....~~~~~~~##~###.8.
#.....~~~~~~~##§')#:.:
#.....~~~~~~~##~######
#.....~~~~~~~~#~~##)#.
#.....~~~~~~~~##~~#'#'
#.....~~~~~~~~~##~o~~~
#.....~≈≈)≈≈≈~~~######


You could see 2 orc knights and a friendly ice beast (summoned).

Vanquished Creatures
  A steam dragon (D:6)
  3 orc warriors (Bailey)
  3 ice beasts
  3 black bears (D:5)
  An ogre (D:5)
  A phantom (D:6)
  2 kobold brigands (Sewer)
  A jelly (D:6)
  A hound (D:5)
  3 orc priests
  2 river rats
  9 adders
  3 dart slugs
  3 ribbon worms (Sewer)
  8 orcs
  7 ball pythons
  8 bats
  6 endoplasms
  A giant cockroach (D:2)
  6 goblins
  5 hobgoblins
  3 jackals (D:1)
  2 quokkas (D:1)
  3 frilled lizards
  9 kobolds
  8 rats
102 creatures vanquished.

Vanquished Creatures (collateral kills)
  Jeremiah (D:6)
  2 orc warriors (Bailey)
  2 ogres (D:5)
  3 kobold brigands (Sewer)
  A bullfrog (D:6)
  A scorpion (D:6)
  A howler monkey (D:6)
  3 jellies (D:5)
  2 bombardier beetles
  A hound (D:6)
  A sleepcap (D:6)
  An iguana (D:6)
  An orc wizard (D:5)
  2 adders (D:6)
  18 orcs
  A ball python (D:5)
  2 endoplasms
  2 goblins (D:7)
  A hobgoblin (D:3)
  3 quokkas (D:3)
  A frilled lizard (D:3)
  2 rats
52 creatures vanquished.

Grand Total: 154 creatures vanquished

Notes
Turn   | Place    | Note
-------+----------+-------------------------------------------
     0 | D:1      | spaghetti the Naga Ice Elementalist began the quest for the
                  | Orb.
     0 | D:1      | Reached XP level 1. HP: 15/15 MP: 3/3
   116 | D:1      | Reached XP level 2. HP: 20/22 MP: 3/5
   642 | D:1      | Reached XP level 3. HP: 28/28 MP: 4/6
   648 | D:1      | Learned a level 3 spell: Summon Ice Beast
   825 | D:2      | Reached skill level 5 in Ice Magic
   991 | D:2      | Reached skill level 1 in Summonings
  1698 | D:2      | Reached XP level 4. HP: 36/36 MP: 7/7
  1812 | D:3      | Found Lifreodgh's General Store.
  1838 | D:3      | Bought a potion of ambrosia for 80 gold pieces
  1982 | D:3      | Identified the +10 mace "Ihur Ole" {freeze, Dex+2}
  2002 | D:3      | Gained mutation: You have hidden genetic potential. [potion
                  | of mutation]
  2002 | D:3      | Gained mutation: Your health recovers twice as slowly from
                  | being drained. [potion of mutation]
  2002 | D:3      | Gained mutation: You occasionally lose the ability to read
                  | scrolls when taking damage. [potion of mutation]
  2007 | D:3      | Reached XP level 5. HP: 5/42 MP: 0/8
  2184 | D:3      | Learned a level 3 spell: Frozen Ramparts
  2335 | D:3      | Gained mutation: You are partially covered in large bone
                  | plates. (SH +4) [hidden potential]
  2476 | D:3      | Found a sparkling altar of Nemelex Xobeh.
  2690 | D:3      | Found a shimmering blue altar of Sif Muna.
  2766 | D:3      | Found a hazy altar of Hepliaklqana.
  2767 | D:3      | Found a faded altar of an unknown god.
  3003 | D:3      | You fall into a shaft and drop 3 floors!
  3096 | D:6      | Found a burning altar of Makhleb.
  3096 | D:6      | Noticed a steam dragon
  3104 | D:6      | Killed a steam dragon
  3105 | D:6      | Reached skill level 5 in Summonings
  3105 | D:6      | Reached XP level 6. HP: 8/49 MP: 2/10
  3116 | D:6      | Reached skill level 1 in Fighting
  3121 | D:6      | Gained mutation: You passively dampen the noise of your
                  | surroundings. [hidden potential]
  3121 | D:6      | Lost mutation: You have hidden genetic potential. [hidden
                  | potential expressed]
  3302 | D:6      | Reached XP level 7. HP: 61/61 MP: 4/11
  3474 | D:6      | Found a blossoming altar of Fedhas.
  3630 | D:5      | Entered Level 5 of the Dungeon
  3656 | D:5      | Reached skill level 5 in Fighting
  3709 | D:5      | Reached XP level 8. HP: 74/74 MP: 10/14
  3746 | D:5      | Found a glowing drain.
  3778 | Sewer    | Entered a sewer
  4192 | Sewer    | Reached skill level 5 in Spellcasting
  5174 | D:5      | Found a bloodstained altar of Trog.
  5182 | D:5      | Reached XP level 9. HP: 71/81 MP: 14/16
  5303 | D:5      | Found a staircase to the Ecumenical Temple.
  5641 | Temple   | Entered the Ecumenical Temple
  5655 | Temple   | Became a worshipper of Kikubaaqudgha
  5690 | D:6      | Noticed Jeremiah
  5700 | D:6      | Killed Jeremiah
  6526 | D:7      | Found a flagged portal.
  6543 | Bailey   | Entered a bailey
  7313 | Bailey   | HP: 4/81 [orc warrior/+0 glaive (15)]
  7315 | Bailey   | Reached skill level 5 in Necromancy
  8473 | Bailey   | Noticed an orc knight
  8473 | Bailey   | Noticed an orc knight
  8542 | Bailey   | Slain by an orc knight

Illustrated notes

Levels and vault maps discovered:
D:1:      scummos_arrival_forest, layout_rooms
D:2:      wander_river, layout_basic
D:3:      layout_basic, mainiacjoe_overflow_chevrons, lemuel_round_altar,
          beargit_hepliaklqana_dungeon_heroes, serial_shops, shop_statue,
          minmay_vboxes
D:5:      layout_cave_pools, trog_ov_bears_minmay,
          minmay_temple_entry_antechambers, cheibrodos_sewer_entry_sluice,
          corexii_shack
D:6:      layout_basic, hangedman_feature_mirror, nicolae_water_bricks,
          nicolae_figureground_sparkle, uniq_jeremiah
D:7:      layout_loops_cross, grunt_temple_overflow_open,
          mainiacjoe_overflow_cross_hatched, serial_shops,
          nicolae_shop_just_a_little_nook, enter_bailey_5,
          minmay_misc_feat_encased
Temple:   jpeg_temple_clearing
Bailey:   bailey_polearm_2, bailey

Skill      XL: |  1  2  3  4  5  6  7  8  9 |
---------------+----------------------------+-----
Ice Magic      | 5 6 7 |  7.0
Summonings     | 1 3 5 6 7 |  7.0
Spellcasting   | 3 4 5 |  5.0
Fighting       | 2 5 |  5.0
Necromancy     | 6 |  6.1
Dodging        | |  1.5
Stealth        | |  3.0

Action                     |  1- 3 |  4- 6 |  7- 9 || total
---------------------------+-------+-------+-------++-------
  Melee: Unarmed           |    19 |    11 |       ||    30
         Mace              |       |     8 |    90 ||    98
         Punch             |       |       |     1 ||     1
   Cast: Freeze            |    32 |     7 |    15 ||    54
         Summon Ice Beast  |       |    13 |    67 ||    80
         Frozen Ramparts   |       |     8 |    13 ||    21
Ability: Spit Poison       |    13 |    19 |     4 ||    36
  Evoke: Wand              |       |       |     3 ||     3
    Use: Potion            |       |     6 |     1 ||     7
   Stab: Sleeping          |       |       |     5 ||     5
 Armour: Robe              |    35 |    30 |   133 ||   198
  Dodge: Dodged            |    24 |    21 |    69 ||   114
  Block: Other             |       |     3 |    22 ||    25
